AoeStats
← Johnley oner

Nomad

510259147Analyzed
4v4 RM · 1d ago on Sep 30, 2026· 79m 54s· 8 players
Game mode
Random Map
Map size
231×231
Population
200
Speed
Normal
Resources
Standard
Victory
Conquest
Starting age
Dark Age
Ending age
Imperial Age
RankedLock teamsTeams togetherTeam positionsShared explorationLock speedFull tech treeHidden civsTurbo modeCheats
Victory
Defeat
🇬🇧 Persians · United Kingdom
994
+15
🇷🇺 Celts · Russia
945
+17
🇹🇷 Magyars · Türkiye
850
+21
🇦🇺 Burgundians · Australia
848
+21
🇺🇸 Inca · United States
992
-20
🇨🇦 Teutons · Canada
983
-19
🇨🇦 Saracens · Canada
958
-18
🇲🇽 Bohemians · Mexico
917
-41
Johnley oner
5:02 Loom
15:55 Feudal Age
17:13 Wheelbarrow
16:27 Double-Bit Axe
16:23 Horse Collar
17:44 Gold Mining
17:43 Fishing Lines
19:03 Arson
25:05 Castle Age
25:21 Stone Mining
26:01 Hand Cart
26:01 Bow Saw
25:52 Heavy Plow
27:03 Fletching
28:06 Bodkin Arrow
29:29 Stone Shaft Mining
29:36 Gold Shaft Mining
29:41 Murder Holes
31:29 Gillnets
34:28 Forging
34:19 Scale Mail Armor
34:26 Squires
38:27 Imperial Age
37:56 Iron Casting
37:36 Chain Mail Armor
39:36 Conscription
39:52 Elite Kamayuk
41:37 Blast Furnace
43:11 Fabric Shields
45:52 Plate Mail Armor
45:23 Bracer
61:00 Medium Warships
63:29 Heavy Warships
64:13 Heavy Warships
64:57 Heavy Warships
contrerasfrag09
4:41 Loom
Jman
10:50 Loom
16:13 Feudal Age
18:40 Man-at-Arms
21:01 Forging
21:11 Horse Collar
21:23 Double-Bit Axe
27:32 Horse Collar
30:32 Bloodlines
33:03 Castle Age
40:51 Gold Mining
47:55 Wheelbarrow
ptom
3:37 Loom
14:30 Feudal Age
15:06 Double-Bit Axe
15:11 Fishing Lines
18:12 Wheelbarrow
19:05 Forging
19:49 Horse Collar
21:43 Bloodlines
22:05 Scale Barding Armor
23:07 Gold Mining
27:52 Castle Age
25:52 Stone Mining
27:49 Fletching
28:55 Hand Cart
29:38 Iron Casting
29:22 Husbandry
29:44 Chain Barding Armor
32:55 Gold Shaft Mining
34:03 Bodkin Arrow
34:27 Bow Saw
34:41 Town Watch
39:05 Imperial Age
40:29 Conscription
41:23 Blast Furnace
40:58 Plate Barding Armor
40:24 Bracer
40:50 Ballistics
40:26 Murder Holes
40:42 Masonry
41:33 Chemistry
41:19 Hoardings
42:15 Two-Man Saw
41:23 Elite Mameluke
42:42 Heavy Plow
43:32 Herbal Medicine
43:46 Light Cavalry
45:27 Siege Engineers
47:12 Counterweights
RAVILKA_BIG
5:17 Loom
20:27 Feudal Age
21:13 Arson
22:56 Wheelbarrow
22:08 Double-Bit Axe
22:45 Man-at-Arms
23:20 Fishing Lines
23:24 Horse Collar
24:38 Gold Mining
25:19 Town Watch
25:46 Scale Mail Armor
25:57 Forging
32:52 Castle Age
32:42 Stone Mining
33:14 Long Swordsman
33:41 Gambesons
34:14 Chain Mail Armor
34:34 Iron Casting
35:28 Hand Cart
37:40 Heavy Plow
45:59 Elite Skirmisher
55:02 Town Patrol
69:36 Medium Warships
73:25 Imperial Age
73:23 Gold Shaft Mining
73:24 Stone Shaft Mining
73:59 Clinker Construction
73:59 Careening
74:53 Heavy Warships
Zedarr
5:21 Loom
15:05 Feudal Age
15:10 Man-at-Arms
16:34 Wheelbarrow
23:12 Fishing Lines
25:44 Double-Bit Axe
28:43 Castle Age
29:26 Stone Mining
29:59 Bow Saw
29:32 Horse Collar
30:50 Gillnets
31:31 Bloodlines
31:29 Husbandry
33:02 Medium Warships
32:18 Light Cavalry
36:14 Heavy Plow
37:06 Corvinian Army
41:33 Imperial Age
40:42 Gold Mining
40:42 Town Watch
42:04 Elite Magyar Huszar
44:49 Scale Barding Armor
46:00 Chain Barding Armor
46:32 Hussar
48:11 Recurve Bow
49:17 Conscription
50:19 Heavy Cavalry Archer
51:25 Parthian Tactics
51:18 Thumb Ring
50:45 Elite Skirmisher
55:48 Chemistry
54:29 Treadmill Crane
54:56 Siege Engineers
66:22 Spies/Treason
68:46 Heavy Warships
69:33 Careening
69:49 Clinker Construction
71:13 Dry Dock
79:43 Ballistics
JalalTheDestroyer
3:38 Loom
15:40 Feudal Age
18:36 Wheelbarrow
20:28 Castle Age
22:07 Bloodlines
22:34 Fletching
30:21 Wheelbarrow
30:21 Double-Bit Axe
33:19 Forging
33:17 Scale Barding Armor
37:46 Imperial Age
36:03 Gold Mining
39:25 Kamandaran
40:37 Crossbowman
41:23 Bodkin Arrow
41:28 Padded Archer Armor
42:48 Thumb Ring
43:30 Leather Archer Armor
48:05 Bow Saw
48:52 Ring Archer Armor
67:42 Spies/Treason
69:11 Capped Ram
70:57 Chemistry
72:03 Siege Ram
james.dale
16:51 Feudal Age
18:02 Horse Collar
18:10 Fishing Lines
23:45 Gold Mining
23:46 Stone Mining
23:50 Double-Bit Axe
26:43 Castle Age
26:34 Town Watch
27:26 Wheelbarrow
28:48 Fletching
29:01 Caravan
32:33 Town Patrol
35:13 Imperial Age
34:05 Fortified Wall
34:43 Cavalier
35:24 Husbandry
37:46 Chemistry
37:10 Conscription
40:15 Fervor
40:33 Medium Warships
40:46 Gillnets
42:22 Scale Barding Armor
42:28 Forging
42:19 Padded Archer Armor
42:14 Bodkin Arrow
46:42 Paladin
52:45 Leather Archer Armor
56:13 Elite Coustillier
64:52 Spies/Treason
68:53 Heavy Warships
76:21 Crossbowman
76:22 Elite Skirmisher
77:05 Bracer
77:41 Iron Casting
77:07 Scale Mail Armor
77:28 Chain Barding Armor
77:00 Guard Tower
76:56 Arrowslits
77:22 Clinker Construction
77:23 Careening
77:19 Siphons
77:35 Ballistics
77:26 Masonry
76:48 Elite Cannon Galleon
76:50 Demolition Ship
Connection lost

Rejoining the realm…

Still unreachable

The connection could not be restored.

Session expired

The server has moved on; the page needs a fresh start.